 Dungeon Crawl Stone Soup version 0.25.1-9-gc5326a611f (webtiles) character file.

Game seed: 8509269412037714967

1910 Descartes the Covert (level 8, -3/38 HPs)
             Began as a Felid Monk on Jan 2, 2021.
             Slain by a hog (12 damage)
             ... on level 7 of the Dungeon.
             The game lasted 00:16:39 (9061 turns).

Descartes the Covert (Felid Monk)                   Turns: 9061, Time: 00:16:39

Health: -3/38      AC:  2    Str:  9    XL:     8   Next: 94%
Magic:  8/9        EV: 30    Int: 12    God:
Gold:   366        SH:  0    Dex: 18    Spells: 4/7 levels left
                                        Lives:  0   Deaths: 2

rFire    . . .     SeeInvis +     - Unarmed
rCold    . . .     Gourm    .   (shield unavailable)
rNeg     . . .     Faith    .   (armour unavailable)
rPois    .         Spirit   .   (helmet unavailable)
rElec    .         Reflect  .   (cloak unavailable)
rCorr    .         Harm     .   (gloves unavailable)
MR       +....     Rnd*Rage +   (boots unavailable) Stlth +++++.....Rnd*Tele +
                                (no amulet)
HPRegen  0.12/turn              l - +4 ring of evasion
MPRegen  0.11/turn              (no ring)

@: quick
A: very small, no armour, no weapons or thrown items, stealth, claws 1, fangs 3,
see invisible, berserk 1, carnivore, speed 1, shaggy fur 2, slow metabolism 1,
teleportitis 1, MP-powered wands, sharp paws
a: no special abilities


You were on level 7 of the Dungeon.
You were completely stuffed.

You visited 2 branches of the dungeon, and saw 9 of its levels.
You also visited: Ossuary.

You collected 366 gold pieces.

Inventory:

Missiles
 c - 229 stones
 i - 82 arrows
Jewellery
 l - a +4 ring of evasion (left paw)
Wands
 s - a wand of paralysis (11)
Scrolls
 b - 7 scrolls of remove curse
 d - 3 scrolls of amnesia
 f - 2 scrolls of enchant weapon {unknown}
 g - a scroll of immolation {unknown}
 h - 2 scrolls of magic mapping {unknown}
 j - a scroll of enchant armour {unknown}
 k - 8 scrolls of teleportation
 n - a scroll of brand weapon {unknown}
 q - 5 scrolls of fog
 r - 3 scrolls of fear
 v - 2 scrolls of blinking {unknown}
 x - 3 scrolls of random uselessness {unknown}
 y - 2 scrolls of identify
 A - a scroll of torment {unknown}
Potions
 e - a potion of invisibility
 m - a potion of haste {unknown}
 o - 3 potions of flight
 p - 2 potions of stabbing {unknown}
 t - 2 potions of curing
 u - 4 potions of degeneration
 z - a potion of resistance {unknown}
Comestibles
 a - 13 rations
 w - 2 chunks of flesh


   Skills:
 - Level 6.0 Fighting
 + Level 9.6 Dodging
 + Level 9.7 Stealth
 - Level 6.0 Unarmed Combat
 - Level 0.1 Spellcasting
 - Level 6.0 Hexes


You had 4 spell levels left.
You knew the following spells:

 Your Spells              Type           Power        Failure   Level  Hunger
a - Confusing Touch       Hex            ##......     9%          3    ####...

Your spell library contained the following spells:

 Spells                   Type           Power        Failure   Level  Hunger
 Gell's Gravitas          Tloc           #.........   69%         3    ####...
 Petrify                  Tmut/Erth      #.......     97%         4    #####..
 Metabolic Englaciation   Hex/Ice        #.........   95%         5    ######.
 Yara's Violent Unravell  Hex/Tmut       #.........   95%         5    ######.


Dungeon Overview and Level Annotations

Branches:
Dungeon (8/15)             Temple (1/1) D:5         Ossuary (visited)
   Lair: D:8-11

Altars:
Ashenzari
Cheibriados
Dithmenos
Elyvilon
Fedhas
Gozag
Hepliaklqana
Kikubaaqudgha
Makhleb
Nemelex Xobeh
Okawaru
Qazlal
Ru
Sif Muna
Trog
Uskayaw
Vehumet
Wu Jian
Xom
Yredelemnul
Zin
The Shining One

Shops:
D:5 =


Innate Abilities, Weirdness & Mutations

You cannot wear armour.
You are incapable of wielding weapons or throwing items.
Your paws allow you to move quietly. (Stealth)
You have sharp claws.
You have razor-sharp teeth.
You have supernaturally acute eyesight. (SInv)
You are carnivorous and can eat meat at any time.
You cover ground quickly.
You are covered in thick fur. (AC +2)
You have a slow metabolism.
Your sharp claws are effective at attacking unaware monsters.
You tend to lose your temper in combat.
You are occasionally teleported next to monsters.
You expend magic power (3 MP) to strengthen your wands.


Message History

You barely miss the hog.
The hog is moderately wounded.
The hog completely misses you.
You scratch the hog but do no damage.
The hog is moderately wounded.
The hog bites you.
* * * LOW HITPOINT WARNING * * *
You scratch the hog.
The hog is heavily wounded.
The hog closely misses you.
You claw the hog!
The hog is severely wounded.
The hog closely misses you.
You scratch the hog but do no damage.
The hog is severely wounded.
The hog completely misses you.
You scratch the hog. You claw the hog.
The hog is almost dead.
The hog bites you!
You die...

### ##.#######
#..'...%%# ##..#..h.%#
#p.####'###
#h###..h..#
#########@###.....#
##.....##....#######
##..............##
#................###
###
#....................#
_.##
#................###.#
...#
#.....<........### .#
⌠..###..............#
.#
..##............>...#
.#


You could see a hog and a human.

Vanquished Creatures
  Pikel (D:8)
  3 hogs (D:7)
  Duvessa (D:5)
  A sky beast (D:6)
  A black bear (D:4)
  A phantom (D:8)
  3 ogres
  2 bullfrogs
  Dowan (D:6)
  A howler monkey (D:6)
  A centaur zombie (D:5)
  3 orc wizards
  3 orc priests
  A bullfrog skeleton (D:6)
  Jessica (D:2)
  An iguana (D:5)
  Terence (D:3)
  5 worker ants
  A hound skeleton (D:6)
  11 mummies (Ossuary)
  A worker ant zombie (D:5)
  Robin (D:1)
  5 adders
  A shadow imp (D:7)
  An ooze (D:1)
  2 adder skeletons
  3 worms
  6 dart slugs (D:1)
  6 leopard geckos
  20 orcs
  9 giant cockroaches
  22 goblins
  12 hobgoblins
  6 jackals
  3 quokkas
  A ball python (D:1)
  7 bats
  4 frilled lizards
  A gnoll skeleton (Ossuary)
  2 goblin skeletons (Ossuary)
  11 kobolds
  A kobold skeleton (Ossuary)
  4 orc skeletons (Ossuary)
  2 quokka zombies
  6 rats
  11 rat skeletons (Ossuary)
191 creatures vanquished.

Vanquished Creatures (others)
  A slave (D:8)
1 creature vanquished.

Grand Total: 192 creatures vanquished

Notes
Turn   | Place    | Note
-------+----------+-------------------------------------------
     0 | D:1      | Descartes the Felid Monk began the quest for the Orb.
     0 | D:1      | Reached XP level 1. HP: 10/10 MP: 2/2
   142 | D:1      | Reached XP level 2. HP: 6/14 MP: 3/3
   628 | D:1      | Reached XP level 3. HP: 14/17 MP: 4/4
  1363 | D:2      | Found an ornate altar of the Wu Jian Council.
  1541 | D:2      | Reached XP level 4. HP: 21/21 MP: 5/5
  1606 | D:2      | Noticed Jessica
  1614 | D:2      | Killed Jessica
  1707 | D:2      | Noticed Robin
  1934 | D:1      | Reached skill level 5 in Dodging
  2132 | D:1      | Killed Robin
  2721 | D:3      | Reached XP level 5. HP: 25/25 MP: 6/6
  2896 | D:3      | Found a faded altar of an unknown god.
  3514 | D:3      | Noticed Terence
  3518 | D:3      | Killed Terence
  3796 | D:4      | Found a burning altar of Makhleb.
  3829 | D:4      | Noticed a black bear
  4263 | D:4      | Reached skill level 5 in Stealth
  4325 | D:4      | Gained mutation: You are covered in thick fur. (AC +2)
                  | [Felid growth]
  4325 | D:4      | Reached XP level 6. HP: 28/28 MP: 7/7
  5097 | D:4      | Found a shimmering altar of Xom.
  5198 | D:5      | Entered Level 5 of the Dungeon
  5212 | D:5      | You fall into a shaft and drop 3 floors!
  5351 | D:8      | Noticed a hippogriff
  5382 | D:8      | Slain by a hippogriff
  5383 | D:8      | Reached XP level 5. HP: -4/25 MP: 6/6
  5383 | D:8      | Noticed a slave
  5386 | D:8      | Found a sand-covered staircase.
  5386 | D:8      | Noticed a slave
  5386 | D:8      | Noticed Pikel
  5386 | D:8      | Noticed a slave
  5390 | D:8      | Noticed a slave
  5403 | D:8      | Noticed a hungry ghost
  5411 | D:8      | Noticed a hippogriff
  5417 | Ossuary  | Entered an ossuary
  5453 | Ossuary  | Reached XP level 6. HP: 29/29 MP: 7/7
  5560 | Ossuary  | Gained mutation: Your spells are a little harder to cast,
                  | but a little more powerful. [potion of mutation]
  5561 | Ossuary  | Lost mutation: Your spells are a little harder to cast, but
                  | a little more powerful. [potion of mutation]
  5561 | Ossuary  | Gained mutation: You are occasionally teleported next to
                  | monsters. [potion of mutation]
  5561 | Ossuary  | Gained mutation: You tend to lose your temper in combat.
                  | [potion of mutation]
  5561 | Ossuary  | Gained mutation: You expend magic power (3 MP) to
                  | strengthen your wands. [potion of mutation]
  6046 | D:8      | HP: 2/45 [slave[Pikel] (6)]
  6047 | D:8      | Killed Pikel
  6047 | D:8      | Reached skill level 5 in Fighting
  6047 | D:8      | Reached skill level 5 in Unarmed Combat
  6047 | D:8      | Reached XP level 7. HP: 2/33 MP: 8/8
  6047 | D:8      | Slain by a hippogriff
  6048 | D:8      | Reached XP level 6. HP: -2/45 MP: 7/7
  6053 | D:8      | Killed a freed slave
  6205 | D:7      | Found an iron altar of Okawaru.
  6219 | D:7      | Found a hide-covered altar of Uskayaw.
  6234 | D:7      | Reached XP level 7. HP: 27/34 MP: 8/8
  6422 | D:7      | Noticed a human
  6422 | D:7      | Noticed a hog
  6422 | D:7      | Noticed a hog
  6533 | D:5      | Learned a level 3 spell: Confusing Touch
  6855 | D:5      | Reached skill level 1 in Hexes
  7008 | D:5      | Found Pamp's Jewellery Boutique.
  7120 | D:5      | Found a staircase to the Ecumenical Temple.
  7132 | Temple   | Entered the Ecumenical Temple
  7552 | D:6      | Noticed Duvessa
  7552 | D:6      | Noticed Dowan
  7555 | D:6      | Killed Dowan
  7568 | D:5      | Killed Duvessa
  7568 | D:5      | Reached XP level 8. HP: 38/38 MP: 9/9
  8579 | D:6      | Reached skill level 5 in Hexes
  8959 | D:7      | Found an iron altar of Okawaru.
  8960 | D:7      | Found a glowing golden altar of the Shining One.
  9061 | D:7      | Slain by a hog

Illustrated notes

Levels and vault maps discovered:
D:1:      onia_arrival_mini_spirals, layout_loops_ring
D:2:      layout_rooms, overflow_temple_1_default, uniq_robin, uniq_jessica
D:3:      layout_loops_cross, chequers_ecumenical_altar_simple_redux,
          serial_bayou_pond_c, uniq_terence
D:4:      layout_basic, lemuel_crystal_altar, overflow_temple_1_default
D:5:      corexii_shack_village, layout_loops_ring, temple_green, serial_shops,
          shop, first_ration
D:6:      layout_basic, serial_curves, eino_curves_02, eino_curves_03,
          uniq_duvessa
D:7:      layout_rooms, eat_drink_and_be_merry_uskayaw,
          gammafunk_temple_overflow_pools, serial_co_window_serial,
          co_window_paths_b, co_window_corner_a, co_window_corner_a,
          co_window_paths_a, co_window_corner_a, co_window_corner_b,
          co_window_corner_cb, co_window_2corner, co_window_broadway_a,
          co_window_cross_3, co_window_4corner_a, glass_columns_c,
          glass_columns_b, glass_columns_a, basic_altar, grunt_livestock
D:8:      layout_cave_pools, enter_ossuary_1, uniq_pikel, uniq_joseph
Temple:   nicolae_temple_x_marks_the_god

Skill      XL: |  1  2  3  4  5  6  7  8 |
---------------+-------------------------+-----
Stealth        | 3 4 5 7 8 9 |  9.7
Dodging        | 5 7 8 9 |  9.6
Unarmed Combat | 4 5 6 |  6.0
Fighting       | 4 5 6 |  6.0
Hexes          | 3 6 |  6.0
Spellcasting   | |  0.1

Action                   |  1- 3 |  4- 6 |  7- 9 || total
-------------------------+-------+-------+-------++-------
Melee: Unarmed           |   108 |   356 |   225 ||   689
       Bite              |     7 |    34 |    26 ||    67
       Punch             |     2 |     6 |     6 ||    14
 Cast: Confusing Touch   |       |       |     1 ||     1
  Use: Scroll            |       |    12 |     1 ||    13
       Potion            |       |     7 |     1 ||     8
 Stab: Sleeping          |    17 |    16 |    13 ||    46
       Invisible         |       |       |     4 ||     4
       Distracted        |       |       |     2 ||     2
       Confused          |       |       |     1 ||     1
  Eat: Chunk             |     9 |     7 |    13 ||    29
Armor: Skin              |     1 |   150 |     6 ||   157
Dodge: Dodged            |    76 |   330 |   189 ||   595
